 Dungeon Crawl Stone Soup version 0.20.0-15-g7f486f2 (webtiles) character file.

1369 Sandman the Skirmisher (level 8, 0/84 HPs)
             Began as a Troll Berserker on June 10, 2017.
             Was an Elder of Trog.
             Slain by Menkaure (18 damage)
             ... in an ossuary.
             The game lasted 00:29:23 (5510 turns).

Sandman the Skirmisher (Troll Berserker)            Turns: 5510, Time: 00:29:24

Health: 0/84       AC:  5    Str: 28    XL:     8   Next: 38%
Magic:  7/7        EV:  9    Int:  3    God:    Trog [****..]
Gold:   252        SH: 11    Dex:  9    Spells: 7/7 levels left

rFire    . . .     SeeInvis .     - Unarmed
rCold    . . .     Gourm    +   y - +0 shield
rNeg     . . .     Faith    .   A - +0 robe (curse)
rPois    .         Spirit   .   (helmet restricted)
rElec    .         Reflect  +   (no cloak)
rCorr    .         Harm     .   (gloves unavailable)
MR       ++...                  (boots unavailable)
Stlth    +.........             o - +3 amulet of reflection
Regen    1.7/turn               (no ring)
MPRegen  0.1/turn               (no ring)

@: regenerating
A: unfitting armour, claws 3, fast metabolism 3, gourmand, regeneration 1,
shaggy fur 1, tough skin 2
a: Berserk, Trog's Hand, Brothers in Arms, Burn Spellbooks, Renounce Religion


You were in an ossuary.
You worshipped Trog.
Trog was greatly pleased with you.
You were not hungry.

You visited 1 branch of the dungeon, and saw 6 of its levels.
You also visited: Ossuary.

You collected 252 gold pieces.

Inventory:

Armour
 a - a +1 animal skin
 y - a +0 shield (worn)
 A - a cursed +0 robe (worn)
Jewellery
 o - a +3 amulet of reflection (around neck)
Scrolls
 c - a scroll of blinking {unknown}
 e - a scroll of amnesia {unknown}
 g - 6 scrolls of teleportation
 j - a scroll of enchant weapon
 l - a scroll of fog
 p - a scroll of recharging {unknown}
 w - 2 scrolls of magic mapping {unknown}
Potions
 d - a potion of curing {unknown}
 i - 2 potions of haste
 m - 2 potions of magic
 n - a potion of invisibility
 q - 2 potions of might {unknown}
 r - 3 potions of flight
 s - a potion of heal wounds {unknown}
 u - a potion of degeneration {unknown}
 v - a potion of brilliance {unknown}
 z - a potion of cancellation {unknown}
Comestibles
 b - 8 bread rations
 f - a royal jelly
 h - 4 meat rations


   Skills:
 * Level 6.4 Fighting
 + Level 4.8 Dodging
 + Level 1.0 Shields
 + Level 6.0 Unarmed Combat


You had 7 spell levels left.
You didn't know any spells.

Dungeon Overview and Level Annotations

Branches:
Dungeon (6/15)
 Temple: D:4-7

Altars:
Dithmenos
Trog
Zin
The Shining One

Shops:
D:5 [

Annotations:
Ossuary Menkaure


Innate Abilities, Weirdness & Mutations

You are too large for most types of armour.
You have claws for hands.
Your metabolism is lightning-fast.
You like to eat raw meat.
Your natural rate of healing is unusually fast.
You are covered in fur. (AC +1)
You have very tough skin. (AC +2)


Message History

Trog accepts your kill.
No target in view!
Menkaure, Prince of Dust comes into view.
Menkaure shouts!
Menkaure casts a spell.
Menkaure seems to speed up.
A mummy comes into view.
Menkaure calls on the powers of darkness!
Your body is wracked with pain!
Menkaure calls on the powers of darkness!
Your body is wracked with pain!
* * * LOW HITPOINT WARNING * * *
Menkaure calls on the powers of darkness!
Your body is wracked with pain!
* * * LOW HITPOINT WARNING * * *
Your skin crawls.
You feel resistant to hostile enchantments.
You feel somewhat more hungry.
You scratch Menkaure but do no damage. Menkaure hits you!!
You die...

##..##..##..####..##..##.
##..##.^##..## ##..##..##
##..##..##..## ##..##..#
##..##..##..## ##..##..
##^.##..##..## ##..##.
##..##.^##..## ##..##
##..##.^##..## ##..#
##..##..##..############ ##..
##..##^.##......@M.M..... ##.
#..##^^##########################
..##.............................
.################################
......^............^.............
#################################


You could see Menkaure and a mummy.

Vanquished Creatures
  Grinder (D:5)
  The ghost of skittles the Firebug, an amateur DrFE (D:3)
  Edmund (D:5)
  An ice beast (D:5)
  A sky beast (D:5)
  A gnoll sergeant (D:5)
  A bullfrog zombie (D:5)
  2 crimson imps
  A jelly (D:6)
  A bullfrog skeleton (D:5)
  4 hounds
  An iguana (D:6)
  2 worker ants
  2 mummies
  A howler monkey zombie (D:5)
  7 gnolls
  10 adders
  2 shadow imps
  2 oozes
  3 worms
  3 dart slugs
  3 leopard geckos
  5 orcs
  2 ball pythons
  7 bats
  4 giant cockroaches
  7 goblins
  5 hobgoblins
  14 jackals
  3 quokkas
  3 frilled lizards
  3 gnoll skeletons (Ossuary)
  A gnoll zombie (Ossuary)
  3 goblin skeletons (Ossuary)
  5 goblin zombies (Ossuary)
  2 hobgoblin skeletons (Ossuary)
  3 hobgoblin zombies (Ossuary)
  7 kobolds
  2 kobold skeletons (Ossuary)
  4 kobold zombies (Ossuary)
  A leopard gecko zombie (D:5)
  3 orc skeletons (Ossuary)
  2 orc zombies (Ossuary)
  5 rats
  A rat zombie (Ossuary)
143 creatures vanquished.

Vanquished Creatures (others)
  2 goblin skeletons (Ossuary)
  A goblin zombie (Ossuary)
  2 hobgoblin skeletons (Ossuary)
  2 hobgoblin zombies (Ossuary)
  3 kobold skeletons (Ossuary)
  A kobold zombie (Ossuary)
  An orc skeleton (Ossuary)
  An orc zombie (Ossuary)
  4 rat skeletons (Ossuary)
  4 rat zombies (Ossuary)
21 creatures vanquished.

Grand Total: 164 creatures vanquished

Notes
Turn   | Place    | Note
-------+----------+-------------------------------------------
     0 | D:1      | Sandman the Troll Berserker began the quest for the Orb.
     0 | D:1      | Reached XP level 1. HP: 22/22 MP: 0/0
   210 | D:1      | Reached XP level 2. HP: 29/29 MP: 1/1
  1105 | D:2      | Reached XP level 3. HP: 37/37 MP: 2/2
  1290 | D:2      | Reached ** piety under Trog
  1452 | D:2      | Reached XP level 4. HP: 45/45 MP: 3/3
  1653 | D:2      | Found a shadowy altar of Dithmenos.
  2011 | D:3      | You fall through a shaft!
  2339 | D:3      | Noticed skittles's ghost (amateur DrFE)
  2356 | D:3      | Killed skittles's ghost
  2356 | D:3      | Reached XP level 5. HP: 46/55 MP: 4/4
  2564 | D:3      | Reached XP level 6. HP: 56/63 MP: 5/5
  2825 | D:3      | Found a glowing golden altar of the Shining One.
  3217 | D:3      | Reached *** piety under Trog
  3986 | D:5      | Entered Level 5 of the Dungeon
  4007 | D:5      | Noticed Grinder
  4018 | D:5      | Killed Grinder
  4018 | D:5      | Reached skill level 5 in Fighting
  4018 | D:5      | Reached XP level 7. HP: 72/72 MP: 6/6
  4036 | D:5      | Reached skill level 5 in Unarmed Combat
  4057 | D:5      | Noticed Edmund
  4067 | D:5      | Killed Edmund
  4114 | D:5      | Found Lourch's Antique Armour Boutique.
  4214 | D:5      | Found a glowing silver altar of Zin.
  4296 | D:5      | Reached XP level 8. HP: 36/83 MP: 7/7
  4834 | D:6      | Found a bloodstained altar of Trog.
  5251 | D:6      | Found a sand-covered staircase.
  5261 | Ossuary  | Entered an ossuary
  5279 | Ossuary  | Reached **** piety under Trog
  5493 | Ossuary  | Reached skill level 1 in Shields
  5504 | Ossuary  | Noticed Menkaure
  5510 | Ossuary  | Slain by Menkaure

Skill      XL: |  1  2  3  4  5  6  7  8 |
---------------+-------------------------+-----
Fighting       | 3 4 5 6 |  6.4
Dodging        | 3 4 |  4.8
Unarmed Combat | 4 5 6 |  6.0
Shields        | 1 |  1.0

Action                   |  1- 3 |  4- 6 |  7- 9 || total
-------------------------+-------+-------+-------++-------
Melee: Unarmed           |    88 |   155 |   199 ||   442
       Punch             |     2 |     1 |     2 ||     5
Invok: Burn Spellbooks   |       |     2 |       ||     2
       Berserk           |       |     2 |     1 ||     3
       Trog's Hand       |       |       |     1 ||     1
  Use: Scroll            |       |       |     8 ||     8
 Stab: Sleeping          |     1 |       |     1 ||     2
  Eat: Chunk             |    15 |    21 |     9 ||    45
       Fruit             |       |       |     2 ||     2
       Meat ration       |       |       |     1 ||     1
Armor: Animal skin       |    25 |    46 |    38 ||   109
       Robe              |       |       |    11 ||    11
Dodge: Dodged            |    60 |    82 |    72 ||   214
Block: Other             |       |     6 |    13 ||    19
       Shield            |       |       |    43 ||    43
       Reflection        |       |       |     1 ||     1
